Map: Pillars of Gold LE

Players

beautifulman - Winner!

  • Race: Protoss Protoss
  • League: Platinum
  • Spawn Location: 1:00

Massa

  • Race: Terran Terran
  • League: Platinum
  • Spawn Location: 7:00

VOD

Have the link to the VOD?

Description

Time

  • Played on: Jan. 3, 2021, 8:14 a.m.
  • Length: 20:11
Show
View Real Time Build Order
Export as new Build Order

beautifulman Protoss - Winner!

Build Orders: Blink Stalkers, Carriers 

Get SALT Encoding   

  12  0:00  Probe  
  13  0:13  Probe  
  14  0:21  Pylon  
  14  0:25  Probe  
  15  0:41  Probe  
  16  0:43  Gateway  
  16  0:47  Assimilator  
  16  0:54  Probe (Chrono Boost)  
  17  1:06  Probe (Chrono Boost)  
  17  1:09  Assimilator  
  18  1:12  Probe (Chrono Boost)  
  19  1:22  Pylon  
  19  1:24  Probe  
  20  1:33  Cybernetics Core  
  20  1:36  Probe  
  21  1:49  Probe  
  22  1:59  Nexus  
  22  2:03  Probe  
  23  2:09  Stalker (Chrono Boost)  
  23  2:14  Warp Gate  
  25  2:17  Probe  
  26  2:34  Stalker  
  28  2:37  Probe  
  29  2:47  Twilight Council  
  29  2:58  Robotics Facility  
  29  3:03  Probe, Pylon  
  30  3:18  Pylon  
  30  3:19  Probe x2  
  32  3:25  Blink  
  32  3:33  Probe x2  
  33  3:39  Shield Battery  
  33  3:46  Probe x2 (Chrono Boost)  
  35  3:50  Stalker  
  37  3:56  Probe x2 (Chrono Boost)  
  39  4:04  Gateway  
  39  4:08  Gateway  
  39  4:11  Probe  
  39  4:13  Observer  
  41  4:17  Probe  
  41  4:23  Probe  
  43  4:29  Probe  
  44  4:31  Gateway  
  44  4:34  Assimilator  
  44  4:36  Assimilator  
  44  4:37  Shield Battery  
  44  4:40  Pylon  
  44  4:41  Probe x2  
  46  4:50  Stalker  
  48  5:01  Stalker  
  46  5:15  Probe x2  
  46  5:17  Stalker x2  
  46  5:19  Warp Prism (Chrono Boost)  
  54  5:27  Probe x2  
  56  5:33  Forge  
  56  5:34  Forge  
  56  5:39  Probe  
  56  5:41  Stalker x2  
  61  5:44  Stalker  
  61  5:49  Probe  
  64  5:51  Shield Battery  
  64  6:04  Pylon  
  64  6:09  Stalker  
  64  6:10  Stalker x2  
  63  6:32  Stalker  
  65  6:33  Stalker x3  
  71  7:09  Stalker  
  71  7:10  Stalker x2  
  75  7:16  Pylon  
  75  7:17  Pylon  
  75  7:19  Pylon  
  67  7:23  Gateway  
  67  7:24  Stalker  
  67  7:25  Observer  
  67  7:26  Gateway  
  67  7:28  Gateway  
  51  7:42  Probe x2  
  47  7:49  Stalker x4  
  55  7:52  Charge (Chrono Boost)  
  55  7:54  Probe  
  56  8:17  Nexus  
  56  8:20  Pylon  
  56  8:24  Pylon  
  56  8:25  Stalker  
  56  8:26  Stalker x3  
  60  8:42  Stalker  
  60  8:43  Stalker  
  47  9:03  Probe x2  
  47  9:13  Observer  
  47  9:15  Probe x2  
  47  9:18  Stalker x2  
  51  9:27  Probe  
  51  9:30  Zealot x3  
  51  9:31  Zealot  
  60  9:43  Probe x3  
  63  9:46  Zealot  
  65  9:55  Probe x3  
  65  9:56  Assimilator  
  66  10:00  Assimilator  
  66  10:10  Protoss Ground Weapons Level 1 (Chrono Boost), Zealot  
  66  10:11  Zealot x3  
  66  10:12  Stalker  
  66  10:13  Stalker  
  78  10:14  Probe  
  78  10:17  Protoss Shields Level 1 (Chrono Boost)  
  79  10:33  Templar Archives  
  79  10:35  Robotics Bay  
  79  10:41  Probe  
  79  10:42  Probe x2  
  82  10:48  Zealot  
  82  10:49  Zealot, Stalker x2  
  90  11:00  Probe  
  90  11:01  Psionic Storm  
  91  11:16  Observer  
  91  11:20  Probe x3  
  91  11:23  Zealot  
  91  11:24  Zealot x2  
  91  11:25  High Templar x4  
  108  11:27  Colossus (Chrono Boost)  
  108  11:32  Probe x3  
  116  11:33  Extended Thermal Lance  
  117  11:51  Observer  
  117  11:52  Probe  
  117  11:53  Probe  
  119  12:05  Pylon  
  119  12:06  Pylon  
  119  12:07  Colossus (Chrono Boost)  
  119  12:08  Pylon  
  125  12:24  Zealot x3  
  125  12:25  Zealot  
  125  12:27  Protoss Ground Weapons Level 2 (Chrono Boost), Protoss Ground Armor Level 1 (Chrono Boost)  
  133  12:32  Nexus  
  133  12:35  Pylon  
  133  12:37  Pylon  
  133  12:39  Probe  
  133  12:40  Pylon  
  134  12:53  Stargate  
  134  12:54  Stargate  
  134  12:55  Immortal (Chrono Boost)  
  138  13:05  High Templar x4  
  142  13:07  High Templar x2  
  142  13:09  Archon x2  
  150  13:19  Archon  
  150  13:28  Protoss Air Weapons Level 1  
  150  13:32  Immortal  
  154  13:40  Assimilator  
  154  13:42  Assimilator  
  154  13:49  Fleet Beacon  
  154  13:55  Zealot x4  
  156  13:56  Zealot x3  
  168  14:20  Stargate  
  168  14:22  Protoss Shields Level 2 (Chrono Boost)  
  168  14:23  Stargate  
  168  14:31  Carrier x2 (Chrono Boost)  
  168  14:33  Pylon  
  168  14:34  Pylon  
  168  14:37  High Templar x2, Pylon  
  168  14:38  High Templar, Pylon  
  186  14:45  Probe  
  186  14:46  Probe  
  186  14:50  Observer  
  186  14:51  Probe x2  
  190  14:53  Protoss Ground Weapons Level 3 (Chrono Boost)  
  190  14:58  Probe x2  
  192  15:03  Probe  
  193  15:15  Zealot  
  193  15:16  Zealot x2  
  161  15:47  Carrier x2 (Chrono Boost)  
  171  15:50  Carrier x2 (Chrono Boost)  
  171  16:01  Stalker x3  
  177  16:20  Nexus  
  177  16:22  Pylon  
  177  16:23  Pylon  
  175  16:26  Assimilator  
  175  16:27  Observer, Assimilator  
  175  16:28  Mothership (Chrono Boost)  
  176  16:39  Protoss Shields Level 3 (Chrono Boost)  
  184  16:49  Observer  
  185  16:54  Protoss Air Weapons Level 2 (Chrono Boost)  
  185  17:00  Observer  
  185  17:10  Observer  
  186  17:32  Void Ray  
  186  17:35  Tempest x2  
  196  17:43  Protoss Ground Armor Level 2 (Chrono Boost)  
  200  18:27  Cybernetics Core  
  200  18:31  Gateway  
  200  18:40  Gateway x2  
  194  18:45  Gateway x2  
  190  18:49  Gateway  
  190  19:00  Unknown  
  190  19:02  Observer  
  190  19:08  Flux Vanes  
  190  19:15  Tempest x2  
Show
View Real Time Build Order
Export as new Build Order

Massa Terran 

Build Orders:  

Get SALT Encoding   

  12  0:00  SCV  
  13  0:12  SCV  
  14  0:19  Supply Depot  
  14  0:24  SCV  
  15  0:30  Refinery  
  15  0:43  Barracks  
  15  0:46  SCV  
  16  0:58  SCV  
  17  1:10  SCV  
  18  1:13  Supply Depot  
  18  1:22  SCV  
  19  1:42  Orbital Command  
  19  1:44  Marine  
  20  2:12  Command Center  
  20  2:15  SCV  
  21  2:22  Factory  
  21  2:29  SCV  
  22  2:33  Refinery  
  22  2:37  Engineering Bay  
  22  2:45  SCV  
  22  2:48  Barracks Tech Lab  
  22  2:50  Supply Depot  
  23  2:57  SCV  
  24  3:09  Starport  
  24  3:17  Stimpack  
  24  3:18  Marauder  
  25  3:20  Factory Tech Lab  
  25  3:26  SCV  
  26  3:38  SCV  
  26  3:39  Orbital Command  
  27  3:47  Missile Turret  
  27  3:49  Medivac  
  27  3:53  Widow Mine  
  31  3:56  Marine  
  31  3:59  SCV  
  33  4:07  SCV  
  34  4:12  Missile Turret  
  34  4:14  Widow Mine  
  34  4:15  SCV  
  37  4:19  SCV  
  37  4:21  Marine  
  39  4:34  Liberator  
  39  4:36  SCV x2  
  44  4:48  SCV x2  
  44  5:00  SCV x2  
  45  5:11  Siege Tank  
  45  5:13  Marauder  
  45  5:17  Refinery, Medivac  
  45  5:19  Command Center  
  47  5:25  Barracks  
  47  5:29  Barracks  
  47  5:31  SCV x2  
  47  5:33  Marine  
  50  5:40  Terran Infantry Weapons Level 1  
  50  5:43  SCV  
  50  5:46  Barracks  
  50  5:47  Medivac  
  53  5:55  Marine  
  54  6:20  SCV x2, Marine  
  54  6:27  Supply Depot  
  54  6:30  Supply Depot x2  
  54  6:31  Liberator  
  54  6:32  SCV x2, Armory, Marine  
  60  6:38  Marauder  
  62  6:44  SCV  
  63  6:47  Refinery  
  63  6:48  SCV  
  63  6:49  Marine, Siege Tank  
  63  6:52  Supply Depot  
  66  6:56  SCV  
  66  6:59  Marauder  
  67  7:07  Marine  
  68  7:09  Marine  
  69  7:20  Marine  
  64  7:25  Marine  
  64  7:27  Marine  
  56  7:38  Marine  
  57  7:50  Command Center  
  57  7:52  Factory Tech Lab  
  57  8:00  Barracks Tech Lab  
  57  8:01  Barracks Tech Lab, Marine  
  57  8:05  Medivac  
  60  8:09  Planetary Fortress  
  60  8:19  SCV, Marine  
  62  8:32  SCV  
  63  8:36  Marine  
  64  8:44  SCV  
  62  8:56  SCV  
  62  9:02  SCV  
  65  9:04  Orbital Command  
  65  9:08  SCV  
  65  9:14  SCV, Sensor Tower  
  66  9:19  Terran Infantry Armor Level 1  
  66  9:20  SCV  
  67  9:26  SCV  
  68  9:31  SCV  
  68  9:32  SCV  
  68  9:38  SCV  
  71  9:44  SCV x2  
  73  10:16  Medivac  
  73  10:17  Siege Tank  
  73  10:18  Marauder  
  73  10:19  Marauder  
  82  10:22  Concussive Shells  
  82  10:25  Marine  
  82  10:26  Marine  
  84  10:37  Command Center  
  84  10:40  Marauder x2  
  88  10:43  SCV x3, Marine x2  
  88  10:46  Medivac  
  88  10:49  Siege Tank  
  98  10:55  SCV x2  
  100  11:06  Marauder  
  99  11:14  Refinery  
  99  11:15  Refinery  
  99  11:20  Marauder  
  99  11:21  Barracks Reactor, Barracks Tech Lab  
  99  11:23  Combat Shield  
  101  11:25  Command Center  
  101  11:30  Starport Reactor  
  101  11:31  Supply Depot  
  101  11:32  Supply Depot x2  
  101  11:46  Ghost Academy  
  101  11:49  Marauder, Marine, Siege Tank  
  101  11:51  Ghost Academy  
  107  11:55  Supply Depot  
  107  11:57  Supply Depot x2  
  107  12:00  Sensor Tower  
  107  12:07  Marine  
  108  12:09  Planetary Fortress  
  108  12:10  Marine  
  108  12:12  SCV x3  
  112  12:18  Marauder  
  112  12:20  Supply Depot  
  112  12:21  Siege Tank  
  117  12:24  SCV x2  
  117  12:25  Marauder  
  117  12:27  Medivac  
  117  12:29  Marauder  
  125  12:40  Marauder  
  127  12:45  Planetary Fortress  
  127  12:46  Ghost  
  127  12:48  SCV x4  
  127  12:50  Marauder  
  135  12:53  Sensor Tower  
  135  12:54  Refinery  
  135  12:58  Refinery  
  135  13:01  Marauder  
  135  13:04  Sensor Tower  
  137  13:11  SCV x4, Marauder, Missile Turret  
  143  13:17  Ghost  
  143  13:18  Marine x2  
  147  13:22  Marauder  
  147  13:23  SCV x2  
  151  13:28  Enhanced Shockwaves  
  151  13:30  Personal Cloaking  
  151  13:33  Marauder  
  153  13:35  SCV x2  
  153  13:36  SCV x3, Marine x2  
  160  13:43  Ghost  
  160  13:46  Marauder  
  160  13:47  SCV  
  160  13:48  SCV x2  
  167  13:54  Marauder, Marine x2  
  167  13:55  Viking x2  
  175  14:03  Siege Tank  
  175  14:07  Marauder  
  180  14:10  Smart Servos  
  180  14:11  Ghost  
  180  14:15  Ghost  
  184  14:24  Command Center  
  184  14:25  Viking  
  186  14:35  Supply Depot  
  186  14:36  Supply Depot  
  186  14:40  Supply Depot  
  186  14:53  Terran Infantry Weapons Level 2  
  186  14:55  Terran Vehicle Weapons Level 1  
  186  14:56  Viking  
  186  14:59  Supply Depot x2  
  188  15:03  Supply Depot  
  188  15:22  SCV  
  188  15:23  SCV x4  
  188  15:24  Supply Depot x2  
  193  15:28  Supply Depot  
  193  15:29  Refinery x2  
  193  15:35  SCV x2  
  116  15:46  Ghost  
  116  15:47  Marauder x2  
  116  15:48  Marine x2  
  116  15:49  Armory  
  96  15:51  Siege Tank  
  96  15:53  Viking  
  96  15:54  Viking  
  96  15:56  Engineering Bay  
  103  16:06  Marine x2  
  103  16:07  Ghost x2  
  109  16:15  Ghost  
  111  16:23  Marine, Viking, Siege Tank  
  111  16:24  Viking  
  117  16:32  Marine  
  114  16:36  Marauder  
  114  16:37  Marauder  
  118  16:41  Barracks, Marine  
  118  16:42  Barracks x2  
  118  16:44  Marauder  
  118  16:45  Barracks  
  121  16:49  Marine  
  121  16:53  Viking  
  121  16:54  Viking  
  126  16:55  Siege Tank  
  126  16:58  Marauder x2  
  133  17:01  Command Center  
  133  17:06  Marauder  
  135  17:16  SCV x4  
  135  17:19  Marauder  
  135  17:21  Planetary Fortress  
  141  17:28  SCV x2, Thor  
  149  17:31  Terran Infantry Weapons Level 3  
  149  17:32  Terran Infantry Armor Level 2  
  149  17:35  Terran Vehicle And Ship Armor Level 1  
  149  17:39  Terran Vehicle Weapons Level 2  
  149  17:44  Viking x2  
  153  17:53  Marauder x2  
  153  17:54  Barracks Reactor x2, Barracks Tech Lab x2  
  153  17:56  Marine  
  153  17:57  Marine  
  159  18:13  SCV x5  
  159  18:14  Viking x2  
  120  18:52  Thor  
  120  18:53  Ghost  
  120  18:54  Ghost x3  
  120  18:55  Marauder, Marine  
  136  18:56  Marine x5  
  136  18:58  Viking x2  
  136  19:02  SCV x5  
  151  19:04  Planetary Fortress  
  151  19:14  SCV x3, Sensor Tower  
  151  19:17  Marauder  
  156  19:23  Marauder x2  
  160  19:28  Medivac, Viking  
  170  19:39  Refinery  
  170  19:40  Refinery  
Tags
 
Add a new tag
Caveats
  • Supply blocks, unpowered buildings, or Contaminate may cause inaccurate times.
  • Supply counts are checked every 10 seconds.